 Dungeon Crawl Stone Soup version 0.29.1-2-gbd0b4ee654 (webtiles) character file.

Game seed: 6457182393346032348

305 cdecastro the Vexing (level 6, -6/28 HPs)
             Began as a Vine Stalker Enchanter on Nov 13, 2022.
             Was a Follower of Uskayaw.
             Mangled by Prince Ribbit (12 damage)
             ... on level 5 of the Dungeon.
             The game lasted 00:07:07 (4270 turns).

cdecastro the Vexing (Vine Stalker Enchanter)       Turns: 4270, Time: 00:07:07

Health: -6/28      AC:  3    Str: 13    XL:     6   Next: 39%
Magic:  0/10       EV: 12    Int: 15    God:    Uskayaw [*.....]
Gold:   223        SH:  0    Dex: 14    Spells: 4/9 levels left

rFire   . . .      SeeInvis .   u - +0 dagger (venom)
rCold   . . .      Faith    .   (no shield)
rNeg    . . .      Spirit   +   b - +0 robe
rPois   +          Reflect  .   k - +0 helmet
rElec   .          Harm     .   (no cloak)
rCorr   .          Rampage  .   (no gloves)
Will    .....                   (no boots)
Stlth   +++.......              e - amulet of the acrobat
HPRegen 0.89/turn               y - ring of poison resistance
MPRegen 0.12/turn               (no ring)

@: no status effects
A: fangs 2, regeneration 1, magic shield, antimagic bite, no potion heal 2
a: Renounce Religion, Stomp


You were on level 5 of the Dungeon.
You worshipped Uskayaw.
Uskayaw was noncommittal.
You visited 1 branch of the dungeon, and saw 5 of its levels.

You collected 223 gold pieces.

Inventory:

Hand Weapons
 a - a +1 dagger
 u - a +0 dagger of venom (weapon)
 A - the +2 falchion "Qall" {drain, rElec rC+}
   (You found it on level 4 of the Dungeon)

   A truly terrible weapon, it drains the life of any living foe it strikes.
   rC:        It protects you from cold.
   rElec:     It insulates you from electricity.
Missiles
 g - 31 stones
Armour
 b - a +0 robe (worn)
 k - a +0 helmet (worn)
Magical Staves
 H - a staff of air
Jewellery
 e - an amulet of the acrobat (around neck)
 y - a ring of poison resistance (left hand)
 E - an amulet of reflection
Scrolls
 d - 8 scrolls of identify {unknown}
 h - 4 scrolls of teleportation {unknown}
 j - a scroll of amnesia {unknown}
 m - a scroll of torment {unknown}
 o - 4 scrolls of noise {unknown}
 s - a scroll of immolation {unknown}
 t - a scroll of fog {unknown}
 v - 3 scrolls of fear {unknown}
 z - a scroll of silence {unknown}
 B - a scroll of enchant armour {unknown}
 C - a scroll of enchant weapon {unknown}
 D - a scroll of vulnerability {unknown}
 F - a scroll of blinking {unknown}
 G - a scroll of magic mapping {unknown}
Potions
 c - 2 potions of invisibility
 f - a potion of heal wounds {unknown}
 i - 2 potions of ambrosia {unknown}
 l - 2 potions of curing {unknown}
 n - 2 potions of mutation {unknown}
 p - a potion of brilliance {unknown}
 q - 3 potions of degeneration {unknown}
 r - a potion of cancellation {unknown}
 w - 2 potions of lignification {unknown}
 x - a potion of attraction {unknown}


   Skills:
 - Level 0.8 Short Blades
 - Level 1.5 Dodging
 + Level 5.9 Stealth
 - Level 2.1 Spellcasting
 * Level 5.9 Hexes


You had 4 spell levels left.
You knew the following spells:

 Your Spells              Type           Power      Damage    Failure   Level
a - Ensorcelled Hibernat  Hex/Ice        20%        N/A       10%         2
b - Confusing Touch       Hex            19%        N/A       5%          3

Your spell library contained the following spells:

 Spells                   Type           Power      Damage    Failure   Level
 Tukima's Dance           Hex            19%        N/A       5%          3
 Dazzling Flash           Conj/Hex       20%        N/A       19%         3


Dungeon Overview and Level Annotations

Branches:
Dungeon (5/15)
 Temple: D:4-7

Altars:
Nemelex Xobeh
Ru
Uskayaw

Shops:
D:3 =

Annotations:
D:5 Prince Ribbit


Innate Abilities, Weirdness & Mutations

You have extremely sharp teeth.
Your natural rate of healing is unusually fast.
When hurt, damage is shared between your health and your magic reserves.
Your bite disrupts and absorbs the magic of your enemies.
Potions cannot restore your health.


Message History

You are very lightly contaminated with residual magic.
Nothing appears to happen.
Prince Ribbit hits you but does no damage.
Aiming: Ensorcelled Hibernation (safe; 10% risk of failure)
Press: ? - help, Q - select action, (/) - cycle Shift-Dir - straight line, f/p - Prince Ribbit
Aim: Prince Ribbit (chance to affect: 27%) Prince Ribbit easily resists.
Prince Ribbit blinks! x2
Unknown command.
Press: ? - help, v - describe, . - travel
Here: Prince Ribbit The floor.
Prince Ribbit blinks!
You climb upwards.
There is a stone staircase leading down here.
You start resting.
Your magical contamination has completely faded away.
You start resting.
HP restored.
You start resting.
Magic restored.
You climb downwards.
Level annotation: Prince Ribbit Prince Ribbit hits you! x2
* * * LOW HITPOINT WARNING * * *
There is a stone staircase leading up, spattered with blood here.
Unknown command.
Aiming: Ensorcelled Hibernation (safe; 10% risk of failure)
Press: ? - help, Q - select action, (/) - cycle Shift-Dir - straight line, f - Prince Ribbit
Aim: Prince Ribbit (chance to affect: 27%) Prince Ribbit looks drowsy...
The helpless Prince Ribbit fails to defend himself.
You impale Prince Ribbit!!
Prince Ribbit looks as sick as possible!
You bite Prince Ribbit, but do no damage.
Prince Ribbit is severely wounded.
Prince Ribbit hits you!
* * * LOW HITPOINT WARNING * * *
Prince Ribbit hits you!
You die...

#####
#...#
#.@F#
.........#
.......###
.......
.......
.......
.......
.......


You could see Prince Ribbit (extremely poisoned).

Vanquished Creatures
  A scorpion (D:4)
  A hound (D:3)
  An orc priest (D:4)
  2 orc wizards
  4 gnolls
  3 adders
  A worm (D:2)
  A dart slug (D:2)
  3 orcs (D:4)
  5 bats
  9 endoplasms
  3 giant cockroaches
  7 goblins
  5 hobgoblins
  7 ball pythons
  A frilled lizard (D:2)
  4 kobolds
  7 rats
65 creatures vanquished.

Notes
Turn   | Place    | Note
-------+----------+-------------------------------------------
     0 | D:1      | cdecastro the Vine Stalker Enchanter began the quest for
                  | the Orb.
     0 | D:1      | Reached XP level 1. HP: 9/9 MP: 4/4
   313 | D:1      | Reached XP level 2. HP: 13/13 MP: 6/6
   696 | D:1      | Found a faded altar of an unknown god.
   928 | D:2      | Learned a level 2 spell: Ensorcelled Hibernation
  1157 | D:2      | Reached XP level 3. HP: 16/16 MP: 7/7
  1719 | D:3      | Found Rot Teir's Jewellery Boutique.
  2334 | D:3      | Gained mutation: Your natural rate of healing is unusually
                  | fast. [Vine Stalker growth]
  2334 | D:3      | Reached XP level 4. HP: 21/21 MP: 8/8
  2409 | D:3      | Found a hide-covered altar of Uskayaw.
  2421 | D:3      | Became a worshipper of Uskayaw the Reveller
  2438 | D:3      | Found a sparkling altar of Nemelex Xobeh.
  2515 | D:3      | Found a sacrificial altar of Ru.
  2641 | D:3      | Reached * piety under Uskayaw
  2838 | D:3      | Reached skill level 5 in Stealth
  2838 | D:3      | Reached XP level 5. HP: 24/24 MP: 1/9
  2951 | D:4      | Reached skill level 5 in Hexes
  2955 | D:4      | Learned a level 3 spell: Confusing Touch
  2979 | D:4      | Identified the +2 falchion "Qall" {drain, rElec rC+}
  3334 | D:3      | Reached XP level 6. HP: 22/28 MP: 6/10
  3404 | D:4      | Reached ** piety under Uskayaw
  4057 | D:5      | Entered Level 5 of the Dungeon
  4057 | D:5      | Noticed Prince Ribbit
  4133 | D:5      | HP: 1/28 [Prince Ribbit (15)]
  4270 | D:5      | Mangled by Prince Ribbit

Illustrated notes

Levels and vault maps discovered:
D:1:      psy_arrival_radial02, layout_loops_ring,
          dilly_ecumenical_altar_fadedgnrine
D:2:      layout_loops_corners
D:3:      layout_loops_ring, lemuel_round_altar, nicolae_ru_path_of_blood,
          nemelex_diamond_rough_becter, serial_shops, nicolae_square_shop
D:4:      layout_gridville
D:5:      gammafunk_steamed_eel, layout_loops_ring,
          minmay_temple_entry_large_hall, nicolae_elevator_lobby_asterisk,
          uniq_prince_ribbit1, uniq_crazy_yiuf_cottage, uniq_blork_the_orc

Skill      XL: |  1  2  3  4  5 |
---------------+----------------+-----
Stealth        | 4 5 |  5.9
Hexes          | 4 5 |  5.9
Short Blades   | |  0.8
Dodging        | |  1.5
Spellcasting   | |  2.1

Action                   |  1- 3 |  4- 6 || total
-------------------------+-------+-------++-------
Melee: Dagger            |    61 |    54 ||   115
       Bite              |    15 |     8 ||    23
 Cast: Ensorcelled Hiber |     2 |    18 ||    20
 Stab: Sleeping          |    18 |    23 ||    41
Armor: Robe              |     7 |     6 ||    13
Dodge: Dodged            |    41 |    38 ||    79
